 Dungeon Crawl Stone Soup version 0.31-a0-236-g9a0961fb85 (webtiles) character file.

Game seed: 1779159695307009796

106 qw the Shooter (level 4, -1/36 HPs)
             Began as a Minotaur Hexslinger on July 10, 2023.
             Slain by an orc
             ... wielding a +0 hand axe of distortion
              (14 damage)
             ... on level 3 of the Dungeon.
             The game lasted 00:00:47 (2056 turns).

qw the Shooter (Minotaur Hexslinger)                Turns: 2056, Time: 00:00:48

Health: -1/36      AC:  5    Str: 13    XL:     4   Next: 55%
Magic:  4/4        EV: 11    Int: 10    God:
Gold:   100        SH:  5    Dex: 14    Spells: 4/5 levels left

rFire   . . .        Y - +1 sling
rCold   . . .        (no shield)
rNeg    . . .        i - +0 ring mail
rPois   .            (helmet restricted)
rElec   .            (no cloak)
rCorr   .            (no gloves)
SInv    .            (no boots)
Will    .....        b - amulet of reflection
Stlth   +            (no ring)
HPRegen 0.26/turn    (no ring)
MPRegen 0.09/turn

%: reflection
@: no status effects
A: horns 2, retaliatory headbutt
a: no special abilities


You were on level 3 of the Dungeon.
You visited 1 branch of the dungeon, and saw 3 of its levels.

You collected 100 gold pieces.


Innate Abilities, Weirdness & Mutations

You have a pair of horns on your head.
You reflexively headbutt those who attack you in melee.


   Skills:
 - Level 2.0 Fighting
 + Level 4.8 Ranged Weapons
 - Level 1.4 Armour
 - Level 2.1 Dodging
 - Level 1.0 Spellcasting
 - Level 2.0 Hexes


You had 4 spell levels left.
You knew the following spells:

 Your Spells              Type           Power      Damage    Failure   Level
a - Slow                  Hex            16%        N/A       32%         1

Your spell library contained the following spells:

 Spells                   Type           Power      Damage    Failure   Level
 Inner Flame              Hex/Fire       2%         N/A       82%         3
 Portal Projectile        Hex/Tloc       4%         N/A       82%         3
 Cause Fear               Hex            2%         N/A       97%         4

Inventory:

Hand Weapons
 Y - a +1 sling (weapon)
Armour
 i - a +0 ring mail (worn)
Jewellery
 b - an amulet of reflection (around neck)
Potions
 a - a potion of degeneration {unknown}
 c - a potion of berserk rage {unknown}
 d - a potion of curing {unknown}
 e - a potion of cancellation {unknown}
 f - a potion of ambrosia {unknown}
 g - a potion of enlightenment {unknown}

Dungeon Overview and Level Annotations

Branches:
Dungeon (3/15)

Altars:

Annotations:
D:3 Natasha


Message History

Found a book of Decay.
Enter note:
Enter note: You now have 100 gold pieces (gained 8).
Found a stone staircase leading down.
Enter note:
Enter note: You see here a book of Decay.
A dart slug comes into view.
Found a stone staircase leading up.
Enter note:
Enter note:
Enter note:
Enter note:
Enter note:
Enter note: You shoot a sling bullet.
The sling bullet completely misses the dart slug.
You hear an angry hiss.
You shoot a sling bullet. The sling bullet hits the dart slug.
The dart slug is heavily wounded.
Natasha, Servant of Life and Death comes into view.
You shoot a sling bullet. The sling bullet barely misses Natasha.
You hear a shout!
Natasha claws you.
You shoot a sling bullet. The sling bullet hits Natasha.
Natasha is moderately wounded.
You hear a shout!
An orc comes into view.
It is wielding a +0 hand axe of distortion.
Natasha casts a spell at you. The magic dart hits you.
You shoot a sling bullet. The sling bullet hits Natasha.
Natasha is heavily wounded.
Natasha closely misses you. You furiously retaliate!
You headbutt Natasha. You shoot a sling bullet. The sling bullet hits Natasha.
Natasha is almost dead.
Natasha claws you!
The orc hits you with a +0 hand axe of distortion.
Space warps horribly around you!
You die...

#.##>...~~~)).... .
###.##......~~).###
##.##...##.#..~~~~~.###
.#..#..........~~~~~...#
...#.>......##.~.~~~...#
..............~~~~~...#
#.w......##.~~~~~)%.#
.#.o..:#.##..~~~~...#
##h@.##.##..~~~P....
##.###.##..~~~~...# ....
#.....~~~~~..#
###.#<####..~~~~...#
.#... #....~~...# # # ##
#.~.~~~#..# #..#~~~#..#
#..#~~~#..# ...##~~#..#


You could see Natasha, a dart slug and an orc.

Vanquished Creatures
  Jessica (D:3)
  2 adders (D:3)
  A worm (D:2)
  A dart slug (D:1)
  5 orcs (D:3)
  3 ball pythons (D:1)
  4 bats
  3 endoplasms
  A giant cockroach (D:1)
  7 goblins
  5 hobgoblins
  4 kobolds
  3 quokkas (D:1)
  4 frilled lizards
  5 rats
49 creatures vanquished.

Notes
Turn   | Place    | Note
-------+----------+-------------------------------------------
     0 | D:1      | qw the Minotaur Hexslinger began the quest for the Orb.
     0 | D:1      | Reached XP level 1. HP: 16/16 MP: 1/1
     0 | D:1      | 0 ||| qw: Version: 0.3-a-52-g30416fa
     0 | D:1      | 0 ||| qw: Game counter: 4553
     0 | D:1      | 0 ||| qw: Melee chars always use a shield: true
     0 | D:1      | 0 ||| qw: God list: Okawaru
     0 | D:1      | 0 ||| qw: Allow faded altars: false
     0 | D:1      | 0 ||| qw: Do Orc after clearing Dungeon:15 true
     0 | D:1      | 0 ||| qw: Do second Lair branch before Depths: true
     0 | D:1      | 0 ||| qw: Lair rune preference: random
     0 | D:1      | 0 ||| qw: Goals: Normal
     0 | D:1      | 0 ||| PLANNING D:1-11
    85 | D:1      | Reached skill level 3 in Ranged Weapons
    85 | D:1      | Reached XP level 2. HP: 18/23 MP: 2/2
   676 | D:1      | 676 ||| UPGRADING to +0 ring mail.
   686 | D:1      | 686 ||| DROPPING +0 robe.
   687 | D:1      | 687 ||| READING scroll labelled VIUKKI ENUKU.
   688 | D:1      | 688 ||| READING scroll labelled BUANIUTZOI.
   691 | D:1      | 691 ||| DROPPING scroll of poison.
   829 | D:2      | Reached XP level 3. HP: 29/29 MP: 3/3
  1592 | D:2      | 1592 ||| UPGRADING to amulet of reflection.
  1597 | D:2      | 1597 ||| READING scroll labelled TUKEOW DAIHIY.
  1743 | D:3      | Reached skill level 4 in Ranged Weapons
  1832 | D:3      | Reached skill level 1 in Armour
  1894 | D:3      | 1894 ||| READING scroll labelled VIJARI TOPI.
  1896 | D:3      | Noticed Jessica
  1912 | D:3      | Killed Jessica
  1913 | D:3      | Reached XP level 4. HP: 20/36 MP: 4/4
  1913 | D:3      | 1913 ||| FLEEEEING.
  1914 | D:3      | 1914 ||| FLEEEEING.
  1915 | D:3      | 1915 ||| FLEEEEING.
  1916 | D:3      | 1916 ||| FLEEEEING.
  1993 | D:3      | 1993 ||| Stepping ~*~*~tactically~*~*~ (water).
  2052 | D:3      | Noticed Natasha
  2056 | D:3      | Slain by an orc

Levels and vault maps discovered:
D:1:      tarquinn_simple_flora_water_d, layout_loops_ring
D:2:      layout_loops_corners, minmay_fountain_box
D:3:      layout_loops_cross, serial_shops, shop, chequers_big_river,
          uniq_jessica, uniq_natasha

Skill      XL: |  1  2  3 |
---------------+----------+-----
Ranged Weapons | 3 4 |  4.8
Fighting       | 2 |  2.0
Armour         | 1 |  1.4
Dodging        | |  2.1
Spellcasting   | |  1.0
Hexes          | |  2.0

Action                     |  1- 3 |  4- 6 || total
---------------------------+-------+-------++-------
   Fire: Sling             |   129 |    32 ||   161
    Use: Scroll            |     4 |       ||     4
 Armour: Robe              |     5 |       ||     5
         Ring mail         |    12 |     2 ||    14
  Dodge: Dodged            |    34 |     1 ||    35
  Block: Other             |     6 |     4 ||    10
         Reflection        |       |     1 ||     1

Table legend:
 A = Non-vault XP
 B = Vault XP
 C = Vault XP percentage of total XP
 D = Non-vault monster count
 E = Vault monster count
 F = Vault count percentage of total count
                 A         B        C        D         E       F
            +---------+---------+-------+---------+---------+-------
      Total |     115 |      37 |  24.3 |      48 |       1 |   2.0
            +---------+---------+-------+---------+---------+-------
        D:1 |      36 |       0 |   0.0 |      19 |       0 |   0.0
        D:2 |      25 |       0 |   0.0 |      15 |       0 |   0.0
        D:3 |      54 |      37 |  40.7 |      14 |       1 |   6.7
            +---------+---------+-------+---------+---------+-------
